 Seeded DCSS version 0.31-a0-557-g6e16503903 (webtiles) character file.

Game seed: 897808766936394993 (custom seed)

82296 bmack86 the Severer (level 15, -1/141 HPs)
             Began as a Minotaur Fighter on Aug 16, 2023.
             Was a High Priest of Okawaru.
             Slain by a merfolk
             ... wielding a +2 trident of flaming
              (18 damage)
             ... on level 1 of the Shoals.
             The game lasted 00:47:39 (20229 turns).

bmack86 the Severer (Minotaur Fighter)             Turns: 20229, Time: 00:47:39

Health: -1/141     AC: 31    Str: 38    XL:     15   Next: 29%
Magic:  29/29      EV:  9    Int:  5    God:    Okawaru [*****.]
Gold:   1215       SH:  6    Dex: 12    Spells: 14/14 levels left

rFire   + + +        V - +2 broad axe
rCold   x . .        e - +1 buckler of Midsummer {Str+8 Slay+2}
rNeg    + . .        j - +0 plate armour
rPois   .            H - +2 hat of Brilliance {-Cast Rampage rF+++ Str-4}
rElec   .            N - +2 cloak {Will+}
rCorr   .            u - +2 pair of gloves
SInv    .            r - +2 pair of boots
Will    ++...        c - amulet of the acrobat Stlth
                     B - +6 ring of strength
HPRegen 0.43/turn    Y - ring "Gussus" {Fire Fly rN+ MP+9 Dex+2}
MPRegen 0.21/turn

%: no spellcasting, acrobat, rampage
@: flying
A: horns 2, retaliatory headbutt
a: Renounce Religion, Heroism, Finesse, Duel


You were on level 1 of the Shoals.
You worshipped Okawaru.
Okawaru was extremely pleased with you.
You visited 5 branches of the dungeon, and saw 21 of its levels.

You collected 2094 gold pieces.
You spent 879 gold pieces at shops.

Inventory:

Hand Weapons
 a - a +1 war axe
 E - the +9 bardiche of Unreason {distort, Str+3}
   (You found it on level 10 of the Dungeon)

   Str+3:     It affects your strength (+3).
 V - a +2 broad axe (weapon)
Missiles
 l - a curare-tipped dart
 o - 3 throwing nets
 s - 5 boomerangs (quivered)
 x - 19 javelins
Armour
 e - the +1 buckler of Midsummer (worn) {Str+8 Slay+2}
   (Okawaru gifted it to you on level 2 of the Lair of Beasts)

   Str+8:     It affects your strength (+8).
   Slay+2:    It affects your accuracy & damage with ranged weapons and melee
   (+2).
 j - a +0 plate armour (worn)
 r - a +2 pair of boots (worn)
 u - a +2 pair of gloves (worn)
 H - the +2 hat of Brilliance (worn) {-Cast Rampage rF+++ Str-4}
   (Okawaru gifted it to you on level 10 of the Dungeon)

   Str-4:     It affects your strength (-4).
   rF+++:     It renders you almost immune to fire.
   -Cast:     It prevents spellcasting.
   Rampage:   It bestows one free step when moving towards enemies.
 N - a +2 cloak of willpower (worn)
 R - the +1 hat of Okawaru's Inspiration {rPois}
   (Okawaru gifted it to you on level 3 of the Lair of Beasts)

   rPois:     It protects you from poison
Jewellery
 b - an amulet of magic regeneration
 c - an amulet of the acrobat (around neck)
 f - an amulet of guardian spirit
 g - a +6 ring of strength
 p - a ring of ice
 y - a ring of wizardry
 B - a +6 ring of strength (left hand)
 M - a +6 ring of strength
 Q - a ring of magical power
 Y - the ring "Gussus" (right hand) {Fire Fly rN+ MP+9 Dex+2}
   (You acquired it on level 2 of the Orcish Mines)

   [ring of fire]

   Fire:      It enhances your fire magic.
   Dex+2:     It affects your dexterity (+2).
   rF+:       It protects you from fire.
   rC-:       It makes you vulnerable to cold.
   rN+:       It protects you from negative energy.
   MP+9:      It affects your magic capacity (+9).
   Fly:       It grants you flight.
Wands
 v - a wand of roots (11)
 w - a wand of polymorph (24)
 A - a wand of mindburst (20)
 C - a wand of acid (13)
 L - a wand of flame (9)
 T - a wand of paralysis (6)
 U - a wand of digging (6)
Scrolls
 i - 5 scrolls of identify
 m - 6 scrolls of teleportation
 G - 4 scrolls of revelation
 I - 2 scrolls of fog
 J - 2 scrolls of immolation
 K - 2 scrolls of fear
 O - 3 scrolls of poison
 P - a scroll of blinking
 W - a scroll of brand weapon {unknown}
 X - a scroll of silence
Potions
 d - 3 potions of might
 h - 2 potions of mutation
 k - 2 potions of attraction
 n - 11 potions of curing
 q - a potion of enlightenment
 t - 4 potions of brilliance
 z - a potion of resistance
 D - a potion of haste
 S - a potion of lignification


   Skills:
 + Level 15.1 Fighting
 - Level 18.0 Axes
 - Level 10.0 Throwing
 - Level 18.0 Armour
 - Level 5.0 Shields
 - Level 8.0 Invocations


You had 14 spell levels left.
You didn't know any spells.
Your spell library contained the following spells:

 Spells                   Type           Power      Damage    Failure   Level
 Apportation              Tloc           0%         N/A       90%         1
 Necrotise                Necr           0%         1d4       90%         1
 Sandblast                Erth           0%         2d4       90%         1
 Ensorcelled Hibernation  Hex/Ice        0%         N/A       97%         2
 Passwall                 Tmut/Erth      0%         N/A       97%         2
 Static Discharge         Conj/Air       0%         2-2/arc   97%         2
 Frozen Ramparts          Ice            0%         1d1       99%         3
 Stone Arrow              Conj/Erth      0%         3d7       99%         3
 Volatile Blastmotes      Fire/Tloc      0%         2d10      99%         3
 Airstrike                Air            0%         2d(0-16)  100%        4
 Anguish                  Hex/Necr       0%         N/A       100%        4
 Fulminant Prism          Conj/Hex       0%         3d5       100%        4
 Iskenderun's Mystic Bla  Conj/Tloc      0%         2d3       100%        4
 Passage of Golubria      Tloc           0%         N/A       100%        4
 Petrify                  Tmut/Erth      0%         N/A       100%        4
 Metabolic Englaciation   Hex/Ice        0%         N/A       100%        5
 Yara's Violent Unravell  Hex/Tmut       0%         3d3       100%        5
 Orb of Destruction       Conj           0%         9d5       100%        7
 Summon Small Mammal      Summ           Unusable   N/A       N/A         1
 Summon Guardian Golem    Hex/Summ       Unusable   N/A       N/A         3
 Tukima's Dance           Hex            Unusable   N/A       N/A         3
 Summon Lightning Spire   Summ/Air       Unusable   N/A       N/A         4
 Spellforged Servitor     Conj/Summ      Unusable   N/A       N/A         7

Dungeon Overview and Level Annotations

Branches:
Dungeon (12/15)            Temple (1/1) D:7            Lair (5/5) D:9
 Shoals (1/4) Lair:2       Spider (0/4) Lair:3        Slime (0/5) Lair:5
    Orc (2/2) D:12            Elf (0/3) Orc:2

Altars:
Ashenzari
Cheibriados
Dithmenos
Elyvilon
Fedhas
Gozag
Hepliaklqana
Kikubaaqudgha
Makhleb
Nemelex Xobeh
Okawaru
Qazlal
Ru
Sif Muna
Trog
Uskayaw
Vehumet
Wu Jian
Xom
Yredelemnul
Zin
The Shining One
Jiyva

Shops:
D:8 [   D:11 !   Orc:2 [?**


Innate Abilities, Weirdness & Mutations

You have a pair of horns on your head.
You reflexively headbutt those who attack you in melee.


Message History

* * * LOW HITPOINT WARNING * * *
Your lungs strain for air!
You feel sick. You block the merfolk's attack.
The merfolk hits you but does no damage.
You block the snapping turtle's attack. The water elemental barely misses you.
You slice the water elemental!!
You destroy the water elemental!
Okawaru accepts your kill. The water engulfing you falls away.
You gasp with relief as air once again reaches your lungs.
You hit the merfolk. You slash the merfolk!
You feel sick. The merfolk barely misses you. You furiously retaliate!
You headbutt the merfolk, but do no damage.
The merfolk hits you with a +0 trident.
* * * LOW HITPOINT WARNING * * *
You rampage towards the snapping turtle!
You hit the snapping turtle.
You headbutt the snapping turtle, but do no damage.
The snapping turtle is moderately wounded.
You slice the merfolk!! You hit the merfolk but do no damage.
You slice the merfolk!!
You feel sick. You block the merfolk's attack.
The snapping turtle closely misses you. You furiously retaliate!
You headbutt the snapping turtle!
The merfolk hits you but does no damage.
You slice the merfolk!!
You kill the merfolk!
Okawaru accepts your kill.
You hit the snapping turtle but do no damage.
You closely miss the merfolk. You hit the merfolk but do no damage.
You feel sick.
The snapping turtle bites you but does no damage.
You block the merfolk's attack.
Unknown command.
Okay, then.
You feel better.
The merfolk hits you but does no damage.
The snapping turtle bites you!!
* * * LOW HITPOINT WARNING * * *
The merfolk hits you with a +2 trident of flaming!!
You die...

[...........~~~~......?.
...~~~~~
~...PP~P~...~~~......$..
.[.~~~~≈
~~~~.PP~....~~..........
...~~~~≈
P~~~P~P~~..~~...........
...~~~~≈
~~~~~PP~~~..~...~.......
....~~~≈
~.~PP......~............
....~~~~
~..~.......~............
..~~~~~
..........~....))m....#
#..~~~
.............†.)@)....#
#..~~~
P~..P.P#......##tm...~#
~..~~
~~~~..###.....##......#
....~ P~~~..#
#>..~~~~~~....# ....~
~.....~.[....~~~~~~...#
.............~~.~~(...#
.###.~~~.....~..~~~..##
~~~~........~.###


You could see a snapping turtle and 2 merfolk.

Vanquished Creatures
  Gastronok (D:9)
  An orc warlord (Orc:2)
  Snorg (D:10)
  A fire dragon (Lair:5)
  An ice dragon (Lair:5)
  Erolcha (D:9)
  A hydra (Lair:2)
  12 two-headed ogres
  3 boulder beetles
  2 ogre magi (Orc:2)
  A merfolk aquamancer (Shoals:1)
  16 death yaks
  Urug (D:11)
  A spriggan (Lair:1)
  A pharaoh ant (Lair:3)
  A sea snake (Shoals:1)
  A swamp dragon (Lair:5)
  2 deep trolls (Orc:2)
  2 lindwurms (Lair:5)
  2 orc knights
  A deep elf pyromancer (D:12)
  3 cyclopes
  3 fauns (Shoals:1)
  3 ugly things
  An oklob plant (Lair:4)
  23 elephants
  5 manticores
  A black mamba (Lair:3)
  A merfolk siren (Shoals:1)
  A smoke demon (D:10)
  15 cane toads
  5 torpor snails (Lair:5)
  A gargoyle (D:12)
  Maggie (D:7)
  2 kobold demonologists (D:12)
  5 rime drakes
  4 komodo dragons
  11 trolls
  4 tyrant leeches (Lair:5)
  3 merfolk (Shoals:1)
  11 hornets
  15 blink frogs
  A tarantella (Lair:3)
  A wind drake (Lair:2)
  5 dream sheep (Lair:5)
  2 jumping spiders (Lair:3)
  Sigmund (D:3)
  20 yaks
  A centaur simulacrum (D:9)
  A vampire (D:10)
  2 wraiths
  3 shadows
  3 water elementals (Shoals:1)
  5 wyverns
  3 basilisks
  Eustachio (D:6)
  4 steam dragons
  Menkaure (D:5)
  Grum (D:9)
  A warg (Orc:2)
  Duvessa (D:7)
  2 acid dragons
  20 water moccasins
  5 black bears
  16 orc warriors
  A sky beast (D:7)
  2 swamp drakes (Lair:5)
  An ice beast (D:7)
  23 ogres
  A phantom (D:7)
  8 centaurs
  11 wolves
  2 gnoll sergeants (D:8)
  A kobold brigand (D:9)
  12 bullfrogs
  3 scorpions
  4 wights (D:9)
  Dowan (D:7)
  4 killer bees (D:10)
  A howler monkey (D:10)
  An electric eel (D:12)
  3 hounds (D:5)
  6 jellies
  3 sleepcaps
  7 orc priests
  12 iguanas
  18 orc wizards
  11 gnolls
  7 adders
  2 white imps (D:6)
  7 worms
  3 dart slugs
  69 orcs
  3 bats
  5 endoplasms
  2 giant cockroaches
  9 hobgoblins
  6 jackals
  14 kobolds
  3 quokkas
  4 ball pythons
  2 frilled lizards (D:3)
  5 goblins
  2 rats
550 creatures vanquished.

Vanquished Creatures (others)
  An iguana (Lair:5)
  An orc wizard (D:7)
  3 gnolls (D:8)
5 creatures vanquished.

Grand Total: 555 creatures vanquished

Notes
Turn   | Place    | Note
-------+----------+-------------------------------------------
     0 | D:1      | bmack86 the Minotaur Fighter began the quest for the Orb.
     0 | D:1      | Reached XP level 1. HP: 19/19 MP: 0/0
   116 | D:1      | Reached XP level 2. HP: 16/27 MP: 1/1
   856 | D:2      | Reached XP level 3. HP: 33/33 MP: 0/2
  1128 | D:2      | Reached XP level 4. HP: 40/40 MP: 3/3
  1724 | D:3      | Noticed Sigmund
  1748 | D:3      | Killed Sigmund
  1749 | D:3      | Reached skill level 5 in Axes
  1749 | D:3      | Reached skill level 5 in Shields
  1749 | D:3      | Reached XP level 5. HP: 32/47 MP: 2/4
  1844 | D:3      | Reached XP level 6. HP: 37/53 MP: 3/5
  1964 | D:3      | Found a faded altar of an unknown god.
  2001 | D:3      | Found a snail-covered altar of Cheibriados.
  2319 | D:4      | Found a glowing golden altar of the Shining One.
  2418 | D:4      | Reached skill level 5 in Fighting
  2418 | D:4      | Reached skill level 5 in Armour
  2573 | D:4      | Found an iron altar of Okawaru.
  2583 | D:4      | Became a worshipper of Warmaster Okawaru
  2805 | D:4      | Found an opulent altar of Gozag.
  2974 | D:4      | Reached XP level 7. HP: 61/61 MP: 6/6
  3056 | D:5      | Entered Level 5 of the Dungeon
  3072 | D:5      | Reached skill level 1 in Invocations
  3182 | D:5      | Found an ancient bone altar of Kikubaaqudgha.
  3590 | D:5      | Noticed Menkaure
  3601 | D:5      | Killed Menkaure
  3601 | D:5      | Reached * piety under Okawaru
  4067 | D:6      | Noticed Eustachio
  4099 | D:6      | Killed Eustachio
  4100 | D:6      | Reached XP level 8. HP: 70/70 MP: 8/8
  5056 | D:7      | Found a staircase to the Ecumenical Temple.
  5068 | Temple   | Entered the Ecumenical Temple
  5167 | D:7      | Reached ** piety under Okawaru
  5288 | D:7      | Found a sacrificial altar of Ru.
  5554 | D:7      | Reached XP level 9. HP: 78/78 MP: 11/11
  5674 | D:7      | Noticed Duvessa
  5676 | D:7      | Noticed Dowan
  5689 | D:7      | Killed Duvessa
  5697 | D:7      | Killed Dowan
  5794 | D:7      | Noticed Maggie
  5807 | D:7      | Killed Maggie
  5808 | D:7      | Reached skill level 10 in Axes
  6214 | D:8      | Reached *** piety under Okawaru
  6225 | D:8      | Reached skill level 5 in Invocations
  6660 | D:8      | Noticed a cyclops
  6668 | D:8      | Killed a cyclops
  6772 | D:8      | Found Jiqopu's Armour Emporium.
  6825 | D:9      | HP: 3/78 [something (28)]
  6826 | D:9      | Reached XP level 10. HP: 3/84 MP: 1/13
  6828 | D:9      | Reached **** piety under Okawaru
  7018 | D:9      | Noticed Grum
  7027 | D:9      | Killed Grum
  7287 | D:9      | Noticed Gastronok
  7301 | D:9      | Killed Gastronok
  7328 | D:9      | Reached skill level 10 in Armour
  7339 | D:9      | Found a staircase to the Lair.
  7357 | D:9      | Reached ***** piety under Okawaru
  7702 | D:9      | Noticed Erolcha
  7711 | D:9      | Killed Erolcha
  7712 | D:9      | Reached XP level 11. HP: 78/91 MP: 11/15
  7902 | D:10     | Entered Level 10 of the Dungeon
  7964 | D:10     | Identified the +9 bardiche of Unreason {distort, Str+3}
  8230 | D:10     | Noticed Snorg
  8240 | D:10     | Killed Snorg
  8447 | D:10     | Identified the +2 hat of Brilliance {-Cast Rampage rF+++
                  | Str-4} (Okawaru gifted it to you on level 10 of the
                  | Dungeon)
  8447 | D:10     | Received a gift from Okawaru
  9111 | D:10     | Found a burning altar of Makhleb.
  9478 | D:11     | Noticed a green ugly thing
  9484 | D:11     | Killed a green ugly thing
  9575 | D:11     | Noticed a two-headed ogre
  9582 | D:11     | Killed a two-headed ogre
  9583 | D:11     | Reached skill level 15 in Axes
  9686 | D:11     | Found Caloufoa's Distillery.
  9689 | D:11     | Bought a potion of heal wounds for 70 gold pieces
  9689 | D:11     | Noticed a brown ugly thing
  9695 | D:11     | Killed a brown ugly thing
  9873 | D:11     | Noticed Urug
  9892 | D:11     | Killed Urug
 10110 | D:11     | Noticed a boulder beetle
 10125 | D:11     | Killed a boulder beetle
 10648 | D:12     | Noticed a boulder beetle
 10651 | D:12     | Noticed a two-headed ogre
 10662 | D:12     | Noticed a two-headed ogre
 10665 | D:12     | Killed a two-headed ogre
 10666 | D:12     | Reached XP level 12. HP: 64/97 MP: 9/17
 10668 | D:12     | Killed a boulder beetle
 10668 | D:12     | Identified the +2 buckler of Eternal Night {Dex+3} (Okawaru
                  | gifted it to you on level 12 of the Dungeon)
 10668 | D:12     | Received a gift from Okawaru
 10672 | D:12     | Killed a two-headed ogre
 10938 | D:12     | Found a staircase to the Orcish Mines.
 11342 | Lair:1   | Entered Level 1 of the Lair of Beasts
 12313 | Lair:1   | Identified the +5 leather armour "Mupsil" {rF+}
 12322 | Lair:1   | Noticed a boulder beetle
 12347 | Lair:1   | Killed a boulder beetle
 12463 | Lair:2   | Reached skill level 1 in Throwing
 12654 | Lair:2   | Reached ****** piety under Okawaru
 12660 | Lair:2   | Identified the +1 buckler of Midsummer {Str+8 Slay+2}
                  | (Okawaru gifted it to you on level 2 of the Lair of Beasts)
 12660 | Lair:2   | Received a gift from Okawaru
 12806 | Lair:2   | Noticed an eight-headed hydra
 12806 | Lair:2   | Noticed a death yak
 12810 | Lair:2   | Noticed a death yak
 12814 | Lair:2   | Noticed a death yak
 12817 | Lair:2   | Killed a death yak
 12820 | Lair:2   | Noticed a death yak
 12825 | Lair:2   | Noticed a death yak
 12826 | Lair:2   | Killed a death yak
 12879 | Lair:1   | Killed a death yak
 12880 | Lair:1   | Reached XP level 13. HP: 34/107 MP: 15/18
 13116 | Lair:2   | Found a staircase to the Shoals.
 14289 | Lair:3   | Reached skill level 5 in Throwing
 14290 | Lair:3   | Reached skill level 15 in Armour
 14492 | Lair:3   | Reached skill level 10 in Fighting
 14503 | Lair:3   | Received a gift from Okawaru
 14660 | Lair:3   | Found a hole to the Spider Nest.
 14855 | Lair:3   | Received a gift from Okawaru
 14943 | Lair:3   | Identified the +1 hat of Okawaru's Inspiration {rPois}
                  | (Okawaru gifted it to you on level 3 of the Lair of Beasts)
 14943 | Lair:3   | Received a gift from Okawaru
 15580 | Lair:4   | Reached XP level 14. HP: 39/124 MP: 19/19
 16348 | Lair:5   | Entered Level 5 of the Lair of Beasts
 16514 | Lair:5   | Found a staircase to the Slime Pits.
 16574 | Lair:5   | Found a viscous altar of Jiyva.
 16773 | Lair:5   | Identified the +0 kite shield of Qaed {rF+} (Okawaru gifted
                  | it to you on level 5 of the Lair of Beasts)
 16773 | Lair:5   | Received a gift from Okawaru
 17254 | Lair:5   | Identified the +8 rapier "Niog" {heavy, Fly rPois MP+9
                  | Int-5}
 17583 | Lair:5   | Found a runed translucent door.
 18344 | Orc:1    | Entered Level 1 of the Orcish Mines
 18552 | Orc:2    | Entered Level 2 of the Orcish Mines
 18552 | Orc:2    | Found a staircase to the Elven Halls.
 18685 | Orc:2    | Noticed an orc warlord
 18709 | Orc:2    | Killed an orc warlord
 18969 | Orc:2    | Found Culeden's General Store.
 19003 | Orc:2    | Reached XP level 15. HP: 109/137 MP: 20/20
 19006 | Orc:2    | Identified the +0 hat of the Hippo {Dex+3} (Okawaru gifted
                  | it to you on level 2 of the Orcish Mines)
 19006 | Orc:2    | Received a gift from Okawaru
 19007 | Orc:2    | Reached skill level 10 in Throwing
 19017 | Orc:2    | Found Ahiqukhl Unau's General Store.
 19180 | Orc:2    | Found Reozo's Magic Scroll Shop.
 19182 | Orc:2    | Bought a scroll of silence for 133 gold pieces
 19189 | Orc:2    | Found Usoup's Armour Shoppe.
 19193 | Orc:2    | Bought a scroll of acquirement for 676 gold pieces
 19356 | Orc:2    | Acquired the ring "Gussus" {Fire Fly rN+ MP+9 Dex+2}
 19834 | Shoals:1 | Entered Level 1 of the Shoals
 20220 | Shoals:1 | Reached skill level 15 in Fighting
 20229 | Shoals:1 | Slain by a merfolk

Illustrated notes

Levels and vault maps discovered:
D:1:      dpeg_arrival_three_same_balls, layout_loops_ring
D:2:      layout_basic, corexii_corridor_pit
D:3:      layout_rooms, cheibriados_altar_1,
          shapermc_ecumenical_altar_notcrosses, dreamdust_mushroom_princess,
          uniq_sigmund
D:4:      layout_basic, grunt_gozag_breadcrumbs, okawaru_metal_pillars_1_2,
          mainiacjoe_overflow_24_doors
D:5:      layout_loops_ring, mainiacjoe_overflow_surrounded_room,
          minmay_statues_item, minmay_misc_feat_encased, uniq_menkaure
D:6:      layout_layer_cave, uniq_eustachio
D:7:      layout_basic, nicolae_overflow_crystal_walls,
          minmay_temple_entry_grid, uniq_maggie, uniq_duvessa
D:8:      layout_basic, serial_shops, shop
D:9:      layout_loops_ring, due_lair_maze_entry_diamond, uniq_erolcha,
          uniq_gastronok, uniq_grum
D:10:     layout_basic, demons_altar, minmay_misc_feat_tower,
          serial_park_tiny_pond, uniq_snorg
D:11:     layout_basic, serial_shops, kennysheep_mini, uniq_urug
D:12:     layout_rooms, orc_0_dummy, kennysheep_cross_bottleneck
Temple:   nicolae_temple_superstar
Lair:1:   layout_regular_city, chequers_serial_rivers_small_3,
          grunt_forest_large_clearings
Lair:2:   layout_regular_city, minmay_shoals_entry_beasts, serial_bayou_shore_b,
          grunt_megastairs_3
Lair:3:   layout_regular_city, nicolae_spider_entry_lesser_pyramids,
          lemuel_fruit_tree, serial_bayou_shore_b, grunt_megastairs_5
Lair:4:   layout_roguey
Lair:5:   wormcave, layout_cave_pods, guppyfry_lair_end_dragon,
          nicolae_slime_entry_field_trip, serial_bayou_shore_b
Shoals:1: layout_shoals, serial_shops, shop, nicolae_shoals_flooded_hall
Orc:1:    layout_caves
Orc:2:    st_orc_open, layout_diamond_mine

Skill      XL: |  1  2  3  4  5  6  7  8  9 10 11 12 13 14 15 |
---------------+----------------------------------------------+-----
Axes           | 3 5 6 7 9 11 13 16 18 | 18.0
Fighting       | 4 5 6 8 11 13 15 | 15.1
Armour         | 4 5 6 7 8 10 12 14 16 17 18 | 18.0
Shields        | 4 5 |  5.0
Invocations    | 2 4 5 7 8 |  8.0
Throwing       | 3 7 9 10 | 10.0

Action                     |  1- 3 |  4- 6 |  7- 9 | 10-12 | 13-15 || total
---------------------------+-------+-------+-------+-------+-------++-------
  Melee: War axe           |    88 |   119 |   234 |   452 |   239 ||  1132
         Headbutt          |    12 |    21 |    36 |   100 |   135 ||   304
         Broad axe         |       |       |       |       |   310 ||   310
  Throw: Javelin           |       |       |     4 |       |       ||     4
         Boomerang         |       |       |       |       |     6 ||     6
 Invoke: Heroism           |       |       |     3 |     8 |     9 ||    20
         Finesse           |       |       |       |     1 |     5 ||     6
  Evoke: Wand              |       |       |       |     5 |     3 ||     8
    Use: Scroll            |       |     8 |    11 |     8 |     6 ||    33
         Potion            |       |       |       |     6 |     3 ||     9
   Stab: Confused          |       |       |       |       |     1 ||     1
 Armour: Scale mail        |    20 |       |       |       |       ||    20
         Plate armour      |    40 |    78 |   184 |   340 |   342 ||   984
  Dodge: Dodged            |    26 |    33 |    90 |   197 |   322 ||   668
  Block: Buckler           |    26 |    25 |    49 |   118 |   171 ||   389

Table legend: (Time is in decaauts)
 A = Elapsed time spent in this place.
 B = Non-inter-level travel time spent in this place.
 C = Inter-level travel time spent in this place.
 D = Time resting spent in this place.
 E = Time spent auto-exploring this place.
 F = Levels seen in this place.
 G = Mean time per level.
                   A        B        C        D        E       F      G
               +--------+--------+--------+--------+--------+-----+--------+
         Total |  20075 |  19200 |    875 |    659 |  14354 |  21 |  956.0 |
       Dungeon |  11546 |  10967 |    579 |    333 |   8172 |  12 |  962.2 |
        Temple |      4 |      4 |      0 |      0 |      0 |   1 |    4.0 |
          Lair |   6829 |   6608 |    221 |    197 |   5056 |   5 | 1365.8 |
        Shoals |    382 |    382 |      0 |    129 |    161 |   1 |  382.0 |
  Orcish Mines |   1312 |   1239 |     73 |      0 |    965 |   2 |  656.0 |
               +--------+--------+--------+--------+--------+-----+--------+

Top non-repeatable levels by time:
  Lair:5: 1843 daAuts
  Lair:2: 1485 daAuts
    D:10: 1380 daAuts
    D:11: 1327 daAuts
  Lair:1: 1323 daAuts
  Lair:3: 1135 daAuts
     D:6: 1078 daAuts
  Lair:4: 1041 daAuts
     D:9: 1035 daAuts
     D:8: 1034 daAuts
     D:7: 935 daAuts
     D:2: 919 daAuts
     D:5: 907 daAuts
     D:4: 875 daAuts
   Orc:2: 844 daAuts
